 Dungeon Sprint DCSS version 0.18-a0-1426-g3b9a63c (webtiles) character file.

706 chei the Covert (level 7, 0/68 HPs)
             Began as a Naga Enchanter on Feb 27, 2016.
             Was a Priest of Cheibriados.
             Slain by a centaur warrior (10 damage)
             ... in the Dungeon (Sprint IX: "|||||||||||||||||||||||||||||").
             The game lasted 00:02:08 (638 turns).

chei the Covert (Naga Enchanter)                     Turns: 638, Time: 00:02:08

Health: 0/68       AC:  4    Str: 16    XL:     7   Next: 67%
Magic:  6/15       EV: 13    Int: 23    God:    Cheibriados [***...]
Gold:   0          SH:  0    Dex: 18    Spells: 3 memorised, 9 levels left

rFire  . . .     SeeInvis +     q - +2 rapier (venom)
rCold  . . .     Gourm    .     b - +1 robe
rNeg   . . .     Faith    .     (no shield)
rPois  +         Spirit   .     (no helmet)
rElec  .         Dismiss  .     (no cloak)
rCorr  .         Reflect  .     (no gloves)
SustAt .         Harm     .     (no barding)
MR     .....     NoTele   +     (no amulet)
Stlth  ++++++....               (no ring)
                                (no ring)

@: very slow, not resistant to hostile enchantments, very stealthy
A: see invisible, deformed body, poison resistance, slowness 2, slow metabolism
1, spit poison 2, AC +2
a: Spit Poison, Bend Time, Temporal Distortion, Renounce Religion


You were in the Dungeon.
You worshipped Cheibriados.
Cheibriados was most pleased with you.
You were not hungry.

You visited 1 branch

Inventory:

Hand Weapons
 a - a +1 dagger
 n - a +2 vampiric scimitar
 q - a +2 rapier of venom (weapon)
Armour
 b - a +1 robe (worn)
Jewellery
 o - a +3 ring of intelligence
 p - a +3 ring of intelligence
Wands
 m - a wand of lightning (5/15)
Scrolls
 j - 2 scrolls of blinking
 k - 3 scrolls of remove curse
 l - 2 scrolls of amnesia
Potions
 e - 5 potions of curing
 f - 3 potions of heal wounds
 g - a potion of haste
 h - 4 potions of magic
 i - a potion of invisibility
Books
 c - a book of Maledictions

   Spells                             Type                      Level
   a - Corona                         Hexes                        1
   b - Ensorcelled Hibernation        Hexes/Ice                    2
   c - Confuse                        Hexes                        3
   d - Tukima's Dance                 Hexes                        3
   e - Dazzling Spray                 Conjuration/Hexes            3
Comestibles
 d - a bread ration


   Skills:
 * Level 5.7 Fighting
 + Level 3.2 Short Blades
 + Level 5.0 Dodging
 + Level 13.4 Stealth
 + Level 5.3 Spellcasting
 + Level 9.5 Hexes
 + Level 1.1 Evocations


You had 9 spell levels left.
You knew the following spells:

 Your Spells              Type           Power        Failure   Level  Hunger
a - Corona                Hex            #####..      1%          1    None
b - Dazzling Spray        Conj/Hex       ####....     4%          3    ##.....
c - Tukima's Dance        Hex            #####...     1%          3    ##.....


Dungeon Overview and Level Annotations

Branches:
Dungeon (1/1)

Altars:
Cheibriados
Dithmenos
Elyvilon
Fedhas
Gozag
Kikubaaqudgha
Makhleb
Nemelex Xobeh
Okawaru
Pakellas
Qazlal
Ru
Sif Muna
Trog
Vehumet
Xom
Yredelemnul
Zin
The Shining One
Beogh
Jiyva
Lugonu


Innate Abilities, Weirdness & Mutations

You cannot wear boots.
Your serpentine skin is tough (AC +2).
You have supernaturally acute eyesight.
Armour fits poorly on your strangely shaped body.
Your system is resistant to poisons.
You cover ground very slowly.
You have a slow metabolism.
You can spit poison.


Message History

There is an open door here.
Things that are here:
a giant club; a giant spiked club; a two-headed ogre corpse Unknown command.
Casting: Dazzling Spray
Confirm with . or Enter, or press ? or * to list all spells.
Aiming: Dazzling Spray
Press: ? - help, Shift-Dir - straight line, f - centaur warrior
Aim: a centaur warrior The spray of energy hits the centaur warrior.
The centaur warrior is lightly wounded.
The centaur warrior is dazzled.
The centaur warrior hits you!
* * * LOW HITPOINT WARNING * * *
The centaur warrior barely misses you.
Unknown command.
Unknown command.
You hit the centaur warrior.
The centaur warrior is lightly wounded.
The centaur warrior hits you!
You die...

▓.▓
▓'▓
▓÷▓
▓)▓
▓.▓
▓.▓
▓.▓
▓(▓
▓@▓
▓c▓
▓F▓
▓C▓
▓h▓
▓Z▓
▓.▓
▓+▓


You could see a centaur warrior (blind), a cyclops, a giant frog, a howler
monkey and a bat skeleton.

Vanquished Creatures
  A two-headed ogre (D)
  A yak (D)
  An ogre (D)
  A big kobold (D)
  A giant frog (D)
  A howler monkey (D)
  A hound (D)
  2 iguanas (D)
  A shadow imp (D)
  A bat skeleton (D)
  A bat zombie (D)
  A goblin (D)
  A hobgoblin (D)
  2 kobolds (D)
  A rat (D)
17 creatures vanquished.

Notes
Turn   | Place    | Note
--------------------------------------------------------------
     0 | D        | chei the Naga Enchanter began the quest for the Orb.
     0 | D        | Reached XP level 1. HP: 15/15 MP: 3/3
    18 | D        | Reached skill level 5 in Stealth
   217 | D        | Noticed a hound
   217 | D        | Noticed a howler monkey
   217 | D        | Noticed an iguana
   220 | D        | Reached skill level 6 in Stealth
   220 | D        | Reached XP level 2. HP: 22/22 MP: 3/5
   224 | D        | Reached skill level 7 in Stealth
   224 | D        | Reached skill level 5 in Hexes
   224 | D        | Reached XP level 3. HP: 25/28 MP: 3/7
   229 | D        | Reached skill level 8 in Stealth
   229 | D        | Reached XP level 4. HP: 29/37 MP: 3/9
   315 | D        | Found a glowing silver altar of Zin.
   315 | D        | Found a glowing golden altar of the Shining One.
   315 | D        | Found an ancient bone altar of Kikubaaqudgha.
   315 | D        | Found a basalt altar of Yredelemnul.
   315 | D        | Found a shimmering altar of Xom.
   315 | D        | Found a radiant altar of Vehumet.
   343 | D        | Found an iron altar of Okawaru.
   344 | D        | Found a burning altar of Makhleb.
   345 | D        | Found a deep blue altar of Sif Muna.
   346 | D        | Found a bloodstained altar of Trog.
   347 | D        | Found a sparkling altar of Nemelex Xobeh.
   348 | D        | Found a white marble altar of Elyvilon.
   349 | D        | Found a roughly hewn altar of Beogh.
   350 | D        | Found a viscous altar of Jiyva.
   351 | D        | Found a corrupted altar of Lugonu.
   352 | D        | Found a blossoming altar of Fedhas.
   353 | D        | Found a snail-covered altar of Cheibriados.
   354 | D        | Found a shadowy altar of Dithmenos.
   355 | D        | Found a stormy altar of Qazlal.
   356 | D        | Found an opulent altar of Gozag.
   357 | D        | Found a sacrificial altar of Ru.
   358 | D        | Found an oddly glowing altar of Pakellas.
   361 | D        | Became a worshipper of Cheibriados the Contemplative
   368 | D        | Learned a level 3 spell: Dazzling Spray
   372 | D        | Learned a level 3 spell: Tukima's Dance
   406 | D        | Noticed an ogre
   406 | D        | Noticed a giant frog
   406 | D        | Noticed a big kobold
   406 | D        | Noticed a yak
   408 | D        | Reached skill level 1 in Fighting
   408 | D        | Reached skill level 9 in Stealth
   408 | D        | Reached XP level 5. HP: 42/44 MP: 10/10
   412 | D        | Killed an ogre
   412 | D        | Reached * piety under Cheibriados
   412 | D        | Reached skill level 10 in Stealth
   415 | D        | Reached ** piety under Cheibriados
   415 | D        | Reached skill level 11 in Stealth
   415 | D        | Reached XP level 6. HP: 41/57 MP: 10/12
   429 | D        | Killed a yak
   429 | D        | Reached skill level 5 in Fighting
   429 | D        | Reached skill level 12 in Stealth
   429 | D        | Reached skill level 5 in Spellcasting
   429 | D        | Reached XP level 7. HP: 24/67 MP: 12/14
   629 | D        | Noticed a two-headed ogre
   629 | D        | Noticed a centaur warrior
   629 | D        | Noticed a cyclops
   635 | D        | Killed a two-headed ogre
   635 | D        | Reached *** piety under Cheibriados
   635 | D        | Reached skill level 5 in Dodging
   635 | D        | Reached skill level 13 in Stealth
   635 | D        | Reached skill level 1 in Evocations
   638 | D        | Slain by a centaur warrior

Vault maps used:
D:        linesprint

Skill      XL: |  1  2  3  4  5  6  7 |
---------------+----------------------+-----
Stealth        | 6 7 8 9 11 12 13 | 13.4
Dodging        | 2 3 4 5 |  5.0
Hexes          | 4 5 6 7 8 9 |  9.5
Spellcasting   | 3 4 5 |  5.3
Fighting       | 1 3 5 |  5.7
Short Blades   | 2 3 |  3.2
Evocations     | 1 |  1.1

Action                   |  1- 3 |  4- 6 |  7- 9 || total
-------------------------+-------+-------+-------++-------
Melee: Dagger            |    28 |     2 |       ||    30
       Rapier            |       |    19 |     5 ||    24
 Cast: Dazzling Spray    |       |       |     3 ||     3
Evoke: Wand              |       |     2 |       ||     2
  Use: Potion            |     1 |       |       ||     1
 Stab: Sleeping          |       |     2 |       ||     2
